 Dungeon Crawl Stone Soup version 0.29.0-11-gd7f09526c8 (webtiles) character file.

Game seed: 4851730291916729510

5658 pacmanke6689 the Basher (level 11, -3/86 HPs)
             Began as a Formicid Fighter on Sept 5, 2022.
             Was a Believer of Okawaru.
             Slain by a two-headed ogre
             ... wielding a +0 giant spiked club
              (12 damage)
             ... on level 10 of the Dungeon.
             The game lasted 00:32:02 (12005 turns).

pacmanke6689 the Basher (Formicid Fighter)         Turns: 12005, Time: 00:32:03

Health: -3/86      AC: 14    Str: 24    XL:     11   Next: 4%
Magic:  11/11      EV: 10    Int:  7    God:    Okawaru [**....]
Gold:   359        SH:  6    Dex: 15    Spells: 9/10 levels left

rFire   . . .      SeeInvis +   H - +1 morningstar
rCold   + . .      Faith    .   c - +0 buckler
rNeg    . . .      Spirit   .   d - +1 ring mail {rC+}
rPois   .          Reflect  .   (helmet unavailable)
rElec   .          Harm     .   t - +0 cloak
rCorr   .          Rampage  .   l - +1 pair of gloves
Will    +....                   r - +2 pair of boots
Stlth   ++........              (no amulet)
HPRegen 0.24/turn               z - +4 ring of slaying
MPRegen 0.12/turn               (no ring)

@: studying Spellcasting
A: permanent stasis, dig shafts and tunnels, antennae 3, four strong arms
a: Dig, Shaft Self, Renounce Religion, Heroism


You were on level 10 of the Dungeon.
You worshipped Okawaru.
Okawaru was pleased with you.
You visited 1 branch of the dungeon, and saw 10 of its levels.
You also visited: Ossuary.

You collected 419 gold pieces.
You spent 60 gold pieces at shops.

Inventory:

Hand Weapons
 a - a +2 flail of draining
 H - a +1 morningstar (weapon)
Missiles
 j - 2 throwing nets
Armour
 c - a +0 buckler (worn)
 d - a +1 ring mail of cold resistance (worn)
 l - a +1 pair of gloves (worn)
 r - a +2 pair of boots (worn)
 t - a +0 cloak (worn)
 w - a +3 leather armour of willpower
Magical Staves
 o - a staff of death
Jewellery
 n - a ring of flight
 s - a ring of wizardry
 y - a ring of ice
 z - a +4 ring of slaying (left hand)
 K - a ring of poison resistance
Wands
 v - a wand of digging (6)
 A - a wand of charming (20)
 C - a wand of flame (4)
 E - a wand of mindburst (6)
 L - a wand of light (5)
Scrolls
 b - 3 scrolls of fear
 f - 3 scrolls of torment
 g - 2 scrolls of amnesia
 p - 2 scrolls of immolation
 x - a scroll of fog
 B - 4 scrolls of vulnerability
 D - a scroll of summoning
Potions
 e - 4 potions of curing
 h - 4 potions of flight
 i - 3 potions of magic
 k - 2 potions of lignification
 m - 2 potions of mutation
 q - a potion of brilliance {unknown}
 u - a potion of ambrosia
 G - a potion of cancellation
 J - a potion of attraction
Miscellaneous
 F - a piece from Xom's chessboard (15/15)


   Skills:
 + Level 7.9 Fighting
 + Level 11.0 Maces & Flails
 + Level 8.2 Armour
 - Level 0.5 Dodging
 + Level 3.8 Stealth
 + Level 8.2 Shields
 + Level 0.2 Spellcasting


You had 9 spell levels left.
You knew the following spells:

 Your Spells              Type           Power      Damage    Failure   Level
a - Magic Dart            Conj           0%         1d3       61%         1

Your spell library contained the following spells:

 Spells                   Type           Power      Damage    Failure   Level
 Stone Arrow              Conj/Erth      0%         3d7       93%         3
 Mephitic Cloud           Conj/Pois/Air  0%         N/A       94%         3
 Portal Projectile        Hex/Tloc       0%         N/A       94%         3
 Olgreb's Toxic Radiance  Pois           0%         N/A       100%        4
 Blade Hands              Tmut           0%         N/A       100%        5
 Ozocubu's Refrigeration  Ice            0%         4d7       100%        7
 Ignition                 Fire           0%         3d3       100%        8
 Lehudib's Crystal Spear  Conj/Erth      0%         10d2      100%        8
 Call Imp                 Summ           Unusable   N/A       N/A         2
 Tukima's Dance           Hex            Unusable   N/A       N/A         3
 Animate Armour           Summ/Erth      Unusable   N/A       N/A         4

Dungeon Overview and Level Annotations

Branches:
Dungeon (10/15)            Temple (0/1) D:7             Orc (0/2) D:10
Ossuary (visited)
   Lair: D:8-11

Altars:
Dithmenos
Elyvilon
Fedhas
Hepliaklqana
Nemelex Xobeh
Okawaru
Vehumet
Wu Jian
Xom
Yredelemnul
Zin
The Shining One

Shops:
D:1 ?   D:6 *

Annotations:
D:6 Prince Ribbit
D:10 3 runed translucent doors, lambentLogic's ghost, journeyman NaEn


Innate Abilities, Weirdness & Mutations

You cannot be hasted, slowed, berserked, paralysed or teleported.
You can dig through walls and to a lower floor.
You have a pair of large antennae on your head. (SInv)
Your four strong arms can wield two-handed weapons with a shield.


Message History

The kobold brigand is severely wounded.
The kobold hits you but does no damage.
The kobold brigand hits you but does no damage.
You bludgeon the kobold brigand!!
You kill the kobold brigand!
Okawaru accepts your kill. The kobold hits you but does no damage.
You thump the kobold!
You kill the kobold!
Things that are here:
a +0 short sword; 8 poisoned darts As you open the door, it creaks loudly!
There is an open door here.
You open the door.
A two-headed ogre comes into view.
It is wielding a +0 giant spiked club and a +0 giant club.
A two-headed ogre is nearby!
Found 21 gold pieces.
There is an open door here.
You puncture the two-headed ogre!
The two-headed ogre is lightly wounded.
The two-headed ogre hits you with a +0 giant spiked club.
The two-headed ogre hits you with a +0 giant club!
You hit the two-headed ogre.
The two-headed ogre is moderately wounded.
You hit the two-headed ogre but do no damage.
The two-headed ogre is moderately wounded.
The two-headed ogre hits you with a +0 giant spiked club!!
You block the two-headed ogre's attack.
You bludgeon the two-headed ogre!!
The two-headed ogre is severely wounded.
The two-headed ogre hits you with a +0 giant spiked club!!
* * * LOW HITPOINT WARNING * * *
The two-headed ogre barely misses you.
You hit the two-headed ogre.
The two-headed ogre is almost dead.
Okay, then.
You hit the two-headed ogre.
The two-headed ogre is almost dead.
The two-headed ogre hits you with a +0 giant spiked club!
You die...

###### #....####
##### #....'..#
########## ....#
+..O@##.# #.........
....+
#...$##.####.........
....#
#....##...##.........
....#
#....####..#.........
....# #....#
##.'......... ....#
#....# ###.........
....# #....#
#......... ....#
#....# #...))....
....# #....))...


You could see a two-headed ogre.

Vanquished Creatures
  A two-headed ogre (D:10)
  Joseph (D:7)
  A wraith (D:5)
  2 humans (D:7)
  4 water moccasins
  Duvessa (D:7)
  Pargi (D:3)
  An ice beast (D:5)
  3 orc warriors
  A sky beast (D:8)
  3 ogres
  3 centaurs (D:9)
  A phantom (D:5)
  2 kobold brigands
  3 bullfrogs
  A necrophage (D:4)
  3 scorpions
  A water moccasin zombie (D:5)
  4 wights
  Dowan (D:7)
  8 killer bees (D:9)
  An electric eel (D:6)
  4 howler monkeys
  A bullfrog zombie (D:5)
  8 orc priests
  4 hounds
  2 jellies
  3 gnoll boudas
  2 iguanas (D:5)
  Natasha (twice) (D:2)
  7 orc wizards
  Ijyb (D:3)
  13 mummies
  Robin (D:3)
  12 gnolls
  5 adders
  A white imp (D:5)
  An ufetubus (D:5)
  A worm (D:2)
  5 dart slugs
  31 orcs
  10 endoplasms
  A giant cockroach (D:2)
  13 goblins
  14 hobgoblins
  4 jackals (D:2)
  2 quokkas
  10 ball pythons
  4 bats
  3 gnoll skeletons (Ossuary)
  17 kobolds
  4 kobold skeletons (Ossuary)
  An orc skeleton (Ossuary)
  3 rats (D:2)
  11 rat skeletons (Ossuary)
248 creatures vanquished.

Vanquished Creatures (others)
  5 plants
5 creatures vanquished.

Grand Total: 253 creatures vanquished

Notes
Turn   | Place    | Note
-------+----------+-------------------------------------------
     0 | D:1      | pacmanke6689 the Formicid Fighter began the quest for the
                  | Orb.
     0 | D:1      | Reached XP level 1. HP: 18/18 MP: 1/1
    79 | D:1      | Found Giuddeod's Magic Scroll Boutique.
   275 | D:1      | Reached XP level 2. HP: 24/24 MP: 2/2
  1085 | D:2      | Reached XP level 3. HP: 21/30 MP: 3/3
  1587 | D:2      | Noticed Natasha
  1591 | D:2      | Killed Natasha
  1592 | D:2      | Reached skill level 3 in Maces & Flails
  1592 | D:2      | Reached XP level 4. HP: 28/37 MP: 4/4
  1801 | D:2      | Noticed Natasha
  1811 | D:2      | Killed Natasha
  1812 | D:2      | Reached XP level 5. HP: 42/42 MP: 5/5
  1985 | D:3      | Noticed Robin
  1997 | D:3      | Killed Robin
  2054 | D:3      | Reached skill level 4 in Maces & Flails
  2438 | D:3      | Found a faded altar of an unknown god.
  2545 | D:3      | Reached XP level 6. HP: 44/48 MP: 6/6
  2795 | D:3      | Noticed Pargi
  2802 | D:3      | Killed Pargi
  2803 | D:3      | Reached skill level 5 in Armour
  3082 | D:3      | Noticed Ijyb
  3107 | D:3      | Killed Ijyb
  3451 | D:4      | Reached XP level 7. HP: 38/54 MP: 7/7
  3788 | D:4      | Reached skill level 5 in Maces & Flails
  3870 | D:4      | Reached skill level 5 in Shields
  3885 | D:4      | Found a blossoming altar of Fedhas.
  4222 | D:5      | Entered Level 5 of the Dungeon
  4236 | D:5      | Reached skill level 1 in Stealth
  4241 | D:5      | Noticed a water moccasin
  4937 | D:5      | Reached XP level 8. HP: 60/61 MP: 8/8
  4987 | D:5      | Reached skill level 6 in Maces & Flails
  4995 | D:5      | Reached skill level 5 in Fighting
  5002 | D:5      | HP: 1/62 [iguana (11)]
  5007 | D:5      | HP: 1/62 [scorpion (3)]
  5013 | D:5      | HP: 1/62 [iguana (6)]
  5843 | D:5      | Found an ornate altar of the Wu Jian Council.
  5913 | D:5      | Reached skill level 7 in Maces & Flails
  6199 | D:5      | Found a shimmering altar of Xom.
  6202 | D:5      | Found a hazy altar of Hepliaklqana.
  6203 | D:5      | Noticed a spectral ugly thing
  6391 | D:5      | Found a basalt altar of Yredelemnul.
  6487 | D:6      | Noticed an angel
  6487 | D:6      | Noticed a wraith
  6506 | D:5      | Reached XP level 9. HP: 32/68 MP: 9/9
  6900 | D:6      | Found Zokiuh's Hallowed Reliquary.
  6920 | D:5      | Reached skill level 8 in Maces & Flails
  7661 | D:6      | Bought a potion of heal wounds for 60 gold pieces
  7688 | D:6      | Noticed Prince Ribbit
  7696 | D:6      | You fall into a shaft and drop 2 floors!
  7887 | D:7      | Found a sand-covered staircase.
  7898 | Ossuary  | Entered an ossuary
  8370 | D:7      | Identified a scroll of acquirement
  8374 | D:7      | Acquired a manual of Spellcasting
  8520 | D:7      | Found an iron altar of Okawaru.
  8546 | D:7      | Reached skill level 9 in Maces & Flails
  8546 | D:7      | Reached XP level 10. HP: 32/77 MP: 10/10
  8550 | D:7      | Became a worshipper of Warmaster Okawaru
  8785 | D:7      | Noticed Joseph
  8802 | D:7      | Killed Joseph
  8823 | D:7      | Found a radiant altar of Vehumet.
  8885 | D:7      | Found a staircase to the Ecumenical Temple.
  8987 | D:7      | Found a glowing silver altar of Zin.
  8987 | D:7      | Found a glowing golden altar of the Shining One.
  8988 | D:7      | Found a white marble altar of Elyvilon.
  9299 | D:7      | Noticed Dowan
  9302 | D:7      | Noticed Duvessa
  9308 | D:7      | Killed Duvessa
  9314 | D:7      | Killed Dowan
  9419 | D:8      | Reached * piety under Okawaru
  9452 | D:8      | Reached skill level 10 in Maces & Flails
  9740 | D:8      | Found a shadowy altar of Dithmenos.
 10409 | D:9      | Reached ** piety under Okawaru
 11341 | D:10     | Entered Level 10 of the Dungeon
 11345 | D:10     | Learned a level 1 spell: Magic Dart
 11386 | D:10     | Found a sparkling altar of Nemelex Xobeh.
 11426 | D:10     | Found a staircase to the Orcish Mines.
 11428 | D:10     | Noticed a two-headed ogre
 11434 | D:10     | Killed a two-headed ogre
 11435 | D:10     | Reached skill level 11 in Maces & Flails
 11435 | D:10     | Reached XP level 11. HP: 45/86 MP: 9/11
 11443 | D:10     | Found a runed translucent gate.
 11443 | D:10     | Found a runed translucent gate.
 11443 | D:10     | Found a runed translucent gate.
 11607 | D:10     | Noticed a ten-headed hydra
 11609 | D:10     | Noticed lambentLogic's ghost (journeyman NaEn)
 11997 | D:10     | Noticed a two-headed ogre
 12005 | D:10     | Slain by a two-headed ogre

Illustrated notes

Levels and vault maps discovered:
D:1:      minmay_arrival_open_corners, layout_basic, serial_shops, shop
D:2:      layout_loops_cross, minmay_pentomino_w2, uniq_natasha
D:3:      layout_loops_ring, shapermc_ecumenical_altar_mp_urbaneastern,
          minmay_starry_boxes, uniq_robin, uniq_ijyb, uniq_pargi
D:4:      layout_basic, mainiacjoe_overflow_alcove_2, serial_bayou,
          serial_bayou_pond_e, serial_bayou_pond_b, serial_bayou_shore_a,
          serial_bayou_ford_a
D:5:      layout_cave_pools, regret_index_temple_of_mockery,
          lemuel_zombie_altar_yredelemnul, nzn_wu_jian_council_hall
D:6:      layout_gridville, fountainhead, st_stairs_11, nicolae_good_shop,
          uniq_prince_ribbit1, uniq_maggie
D:7:      layout_basic, good_gods_temple_1, okawaru_humans,
          lemuel_crystal_altar, minmay_temple_entry_enclosed_plants,
          gup_ossuary_entry_pyramid, hellmonk_bongcloud_opening, uniq_joseph,
          uniq_duvessa
D:8:      layout_basic, overflow_temple_1_default
D:9:      layout_gridville
D:10:     layout_roguey, nemelex_xobeh_ov_fountains_minmay, orc_0_dummy,
          gammafunk_ghost_hydra_chop

Skill      XL: |  1  2  3  4  5  6  7  8  9 10 |
---------------+-------------------------------+-----
Maces & Flails | 3 4 5 7 9 11 | 11.0
Armour         | 4 5 6 7 8 |  8.2
Fighting       | 4 5 6 7 |  7.9
Shields        | 5 6 7 8 |  8.2
Stealth        | 1 2 3 |  3.8
Dodging        | |  0.5
Spellcasting   | |  0.2

Action                   |  1- 3 |  4- 6 |  7- 9 | 10-12 || total
-------------------------+-------+-------+-------+-------++-------
Melee: Flail             |    79 |   172 |   388 |   145 ||   784
       Morningstar       |       |       |       |    31 ||    31
 Abil: Dig               |       |       |     2 |       ||     2
       Shaft Self        |       |       |     1 |       ||     1
  Use: Scroll            |     4 |     5 |    16 |     4 ||    29
       Potion            |       |     3 |     9 |     3 ||    15
 Stab: Sleeping          |       |       |     2 |       ||     2
       Invisible         |       |       |       |     3 ||     3
Armor: Scale mail        |    22 |    65 |       |       ||    87
       Leather armour    |       |     5 |    14 |       ||    19
       Ring mail         |       |       |   166 |    87 ||   253
Dodge: Dodged            |    40 |    80 |   165 |    89 ||   374
Block: Buckler           |    18 |    62 |   112 |    59 ||   251
